 Dungeon Crawl Stone Soup version 0.14-a0-1585-g835621a (webtiles) character file.

3790 4tharraofdagon the Scribe (level 9, -13/57 HPs)
             Began as a Demonspawn Fire Elementalist on Dec 22, 2013.
             Was a Priest of Sif Muna.
             Mangled by a hill giant
             ... wielding a +0,+0 giant club
              (18 damage)
             ... on Level 10 of the Dungeon.
             The game lasted 00:29:57 (3424 turns).

4tharraofdagon the Scribe (DsFE)                    Turns: 3424, Time: 00:29:57

HP -13/57        AC 11     Str 14      XL: 9   Next: 90%
MP   2/22        EV 11     Int 20      God: Sif Muna [***...]
Gold 106         SH  0     Dex 13      Spells:  4 memorised,  7 levels left

rFire  . . .     SeeInvis .     y - +3 quarterstaff (chaos)
rCold  . . .     Clarity  .     h - +0 elf leather armour
rNeg   . . .     Conserve .     (no shield)
rPois  .         rCorr    .     (helmet restricted)
rElec  .         rRot     .     z - +2 cloak
SustAb . .       Spirit   .     (no gloves)
rMut   .         Warding  .     G - +1 pair of boots {run}
Saprov . . .     Stasis   .     (no amulet)
                                (no ring)
                                (no ring)

@: mighty, quick, slightly resistant to hostile enchantments, unstealthy
A: hooves 1, horns 1, thin metallic scales 2, berserk 1, deterioration 1,
powered by pain 2
a: Channel Energy, Forget Spell, Renounce Religion


You were on level 10 of the Dungeon.
You worshipped Sif Muna.
Sif Muna was most pleased with you.
You were not hungry.

You visited 2 branches of the dungeon, and saw 11 of its levels.
You also visited: Sewer.

You collected 245 gold pieces.
You spent 139 gold pieces at shops.

Inventory:

Hand weapons
 q - a +0 blowgun
 y - a +3,+3 quarterstaff of chaos (weapon)
Missiles
 t - 7 curare-tipped needles
 D - 13 darts of flame (quivered)
Armour
 f - a +1 pair of boots
 h - a +0 elven leather armour (worn)
 z - a +2 cloak (worn)
 G - a +1 pair of boots of running (worn)
Magical devices
 j - a wand of flame (12)
Comestibles
 c - 4 bread rations
 d - 5 meat rations
 w - 2 beef jerkies
 A - 9 cheeses
 C - a pear
 F - a choko
Scrolls
 a - 3 scrolls of identify
 e - a scroll of curse weapon
 g - a scroll of enchant weapon I {unknown}
 i - 3 scrolls of random uselessness {unknown}
 l - 4 scrolls of remove curse
 m - 2 scrolls of fear
 n - a scroll of enchant weapon II
 o - 4 scrolls of amnesia {unknown}
 p - 2 scrolls of immolation {unknown}
 r - 2 scrolls of teleportation
 s - a scroll of blinking
 B - a scroll of fog
 H - a scroll of enchant armour {unknown}
 K - a scroll of recharging {unknown}
Potions
 u - 2 potions of restore abilities
 v - a potion of poison
 x - a potion of brilliance
 E - a potion of berserk rage
 I - a potion of curing
Books
 b - a book of Flames

   Spells                             Type                      Level
   *Flame Tongue                      Conjuration/Fire             1
   Throw Flame                        Conjuration/Fire             2
   *Conjure Flame                     Conjuration/Fire             3
   Inner Flame                        Hexes/Fire                   3
   *Sticky Flame                      Conjuration/Fire             4
   *Fireball                          Conjuration/Fire             5
 k - a book of Wizardry

   Spells                             Type                      Level
   Summon Elemental                   Summoning                    4
   Agony                              Necromancy                   5
   Force Lance                        Conjuration                  5
   *Fireball                          Conjuration/Fire             5
   Haste                              Charms                       6
   Invisibility                       Hexes                        6


   Skills:
 - Level 1.7 Dodging
 - Level 1.7 Stealth
 + Level 6.0 Spellcasting
 + Level 7.1 Conjurations
 + Level 7.1 Fire Magic
 * Level 10.1 Invocations


You had 7 spell levels left.
You knew the following spells:

 Your Spells              Type           Power        Failure   Level  Hunger
a - Flame Tongue          Conj/Fire      ####.        1%          1    None
b - Conjure Flame         Conj/Fire      ####....     1%          3    ##.....
c - Sticky Flame          Conj/Fire      ####....     8%          4    ####...
d - Fireball              Conj/Fire      ####......   17%         5    #####..


Dungeon Overview and Level Annotations

Branches:
Dungeon (10/16)            Temple (1/1) D:4
    Orc: D:9-12        Lair: D:8-11

Altars:
Ashenzari
Cheibriados
Fedhas
Kikubaaqudgha
Nemelex Xobeh
Sif Muna
Trog
Vehumet
Xom
Zin
the Shining One

Shops:
D:6 *   D:8 [


Innate Abilities, Weirdness & Mutations

You have a pair of small horns on your head.
You are mostly covered in thin metallic scales (AC +3).
You sometimes gain power by taking damage.
You have large cloven feet.
You tend to lose your temper in combat.
Your body is slowly deteriorating.


Message History

You focus on the pain.
You feel very mighty all of a sudden.
Casting: Conjure Flame
Confirm with . or Enter, or press ? or * to list all spells.
Aiming: Fireball
Press: ? - help, Shift-Dir - straight line, f - hill giant
Aim: a hill giant, wielding a giant club (severely wounded)
The fireball explodes!
The fireball engulfs the hill giant.
The hill giant is almost dead.
Casting: Fireball
Confirm with . or Enter, or press ? or * to list all spells.
Aiming: Sticky Flame
Press: ? - help, Shift-Dir - straight line, f/p - hill giant
Aim: a hill giant, wielding a giant club (almost dead)
The sticky flame hits the hill giant.
The hill giant is almost dead.
The hill giant is covered in liquid flames!
The hill giant burns!
The hill giant hits you with a giant club!
You die...

........# .# ....#...#
.# ........##########
.# ................>#
.#
....#....#######.####.#
.####.......###.......#
.................######
............###..#
..≈..#......# #.@####
.≈≈≈.###.#### #.C...#
.≈≈≈.# #.# ###[##.#
.....# #.# #..§§# #
..... #.# #.#.§# .... .
#..§.# .## ##...# .#
#...# #...#


You could see a hill giant (burning).

Vanquished Creatures
  A troll (D:10)
  Sonja (D:10)
  2 yaks (D:7)
  A hippogriff (D:10)
  A hungry ghost (D:7)
  A necrophage (D:10)
  4 ice beasts
  A human (D:7)
  2 sky beasts
  4 ogres
  Duvessa (D:6)
  2 centaurs
  A giant frog (D:9)
  2 water moccasins
  4 killer bees (D:9)
  A goliath beetle (D:10)
  Dowan (D:6)
  3 hounds
  A jelly (D:5)
  3 crimson imps (D:10)
  An orc priest (D:5)
  Crazy Yiuf (D:6)
  6 worker ants
  2 iguanas
  3 scorpions
  3 orc wizards (D:5)
  2 sheep (D:7)
  An ogre zombie (D:10)
  An ogre skeleton (D:6)
  2 hound skeletons
  A worker ant zombie (D:6)
  7 adders
  A steam dragon skeleton (D:8)
  A giant centipede (D:7)
  4 worms
  2 grey rats (D:3)
  4 giant eyeballs
  2 oozes
  9 orcs
  A ball python (D:3)
  10 bats
  5 giant cockroaches
  12 hobgoblins
  2 quokkas
  4 giant geckos
  2 giant newts
  8 goblins
  A goblin skeleton (D:5)
  9 jackals
  6 kobolds
  A kobold zombie (D:6)
  8 rats
  A rat zombie (D:7)
160 creatures vanquished.

Notes
Turn   | Place    | Note
--------------------------------------------------------------
     0 | D:1      | 4tharraofdagon, the Demonspawn Fire Elementalist, began the quest for the Orb.
     0 | D:1      | Reached XP level 1. HP: 13/13 MP: 3/3
   214 | D:1      | Gained mutation: You have a pair of small horns on your head. [demonic ancestry]
   214 | D:1      | Reached XP level 2. HP: 8/19 MP: 1/4
   447 | D:3      | Reached skill level 3 in Fire Magic
   525 | D:3      | Reached XP level 3. HP: 17/24 MP: 0/6
   530 | D:3      | Learned a level 3 spell: Conjure Flame
   597 | D:3      | Found a glowing drain.
   601 | Sewer    | Entered a sewer
   684 | D:4      | Gained mutation: You are partially covered in thin metallic scales (AC +2). [demonic ancestry]
   684 | D:4      | Reached XP level 4. HP: 20/30 MP: 1/8
   703 | D:4      | Daniel: heya
   706 | D:4      | 4tharraofdagon: ho tjhere
   719 | D:4      | Noticed an ogre
   816 | D:3      | Reached skill level 4 in Fire Magic
   816 | D:3      | Gained mutation: You sometimes gain a little power by taking damage. [demonic ancestry]
   816 | D:3      | Reached XP level 5. HP: 18/35 MP: 5/9
   840 | D:4      | Found a staircase to the Ecumenical Temple.
   846 | Temple   | Entered the Ecumenical Temple
   862 | Temple   | Became a worshipper of Sif Muna the Loreminder
   880 | D:4      | Paralysed by a giant eyeball for 3 turns
   887 | D:4      | Paralysed by a giant eyeball for 3 turns
   899 | Temple   | Learned a level 4 spell: Sticky Flame
  1133 | D:4      | Killed an ogre
  1133 | D:4      | Gained mutation: You sometimes gain power by taking damage. [demonic ancestry]
  1133 | D:4      | Reached XP level 6. HP: 41/41 MP: 3/12
  1281 | D:4      | Acquired Sif Muna's first power
  1448 | D:5      | Entered Level 5 of the Dungeon
  1451 | D:5      | Reached skill level 1 in Invocations
  1571 | D:5      | Reached skill level 5 in Fire Magic
  1571 | D:5      | Gained mutation: You are mostly covered in thin metallic scales (AC +3). [demonic ancestry]
  1571 | D:5      | Reached XP level 7. HP: 46/46 MP: 3/15
  1856 | D:6      | Reached skill level 5 in Conjurations
  1894 | D:6      | Reached XP level 8. HP: 44/52 MP: 4/18
  1971 | D:6      | Reached skill level 5 in Invocations
  1985 | D:6      | Noticed Crazy Yiuf
  1997 | D:6      | Killed Crazy Yiuf
  2066 | D:6      | Learned a level 5 spell: Fireball
  2075 | D:6      | Noticed Duvessa
  2075 | D:6      | Noticed Dowan
  2081 | D:6      | Killed Duvessa
  2086 | D:6      | Killed Dowan
  2203 | D:7      | Acquired Sif Muna's second power
  2318 | D:6      | Found Ghothiff's General Store.
  2323 | D:6      | Bought a potion of mutation for 36 gold pieces
  2323 | D:6      | Bought a scroll of teleportation for 36 gold pieces
  2323 | D:6      | Bought a scroll of teleportation for 36 gold pieces
  2324 | D:6      | Gained mutation: You are dopey. (Int -2) [potion of mutation]
  2324 | D:6      | Gained mutation: Your magical capacity is low (-10% MP). [potion of mutation]
  2324 | D:6      | Gained mutation: You are very dopey. (Int -4) [potion of mutation]
  2350 | D:6      | Lost mutation: You are very dopey. (Int -4) [potion of cure mutation]
  2350 | D:6      | Lost mutation: You are dopey. (Int -2) [potion of cure mutation]
  2350 | D:6      | Lost mutation: Your magical capacity is low (-10% MP). [potion of cure mutation]
  2382 | D:6      | Reached skill level 6 in Invocations
  2505 | D:7      | Gained mutation: You tend to lose your temper in combat. [potion of mutation]
  2505 | D:7      | Gained mutation: You have large cloven feet. [potion of mutation]
  2505 | D:7      | Gained mutation: Your body is slowly deteriorating. [potion of mutation]
  2555 | D:7      | Reached skill level 7 in Invocations
  2688 | D:7      | Reached skill level 5 in Spellcasting
  2688 | D:7      | Reached XP level 9. HP: 57/57 MP: 7/21
  2691 | D:7      | Reached skill level 8 in Invocations
  2779 | D:8      | Found a glowing golden altar of the Shining One.
  2802 | D:8      | Found a glowing golden altar of the Shining One.
  2802 | D:8      | Found a snail-covered altar of Cheibriados.
  2929 | D:8      | Found Wyapat's Antique Armour Shop.
  2935 | D:8      | Bought a pair of embroidered boots for 31 gold pieces
  2939 | D:8      | Identified a +1 pair of boots of running (You bought it in a shop on level 8 of the Dungeon)
  3056 | D:10     | Entered Level 10 of the Dungeon
  3118 | D:10     | Reached skill level 9 in Invocations
  3176 | D:10     | Noticed Sonja
  3200 | D:10     | Killed Sonja
  3263 | D:10     | :(
  3315 | D:10     | Reached skill level 10 in Invocations
  3383 | D:10     | Paralysed by a giant eyeball for 4 turns
  3407 | D:10     | Noticed a hill giant
  3424 | D:10     | Mangled by a hill giant

Action                   |  1- 3 |  4- 6 |  7- 9 || total
-------------------------+-------+-------+-------++-------
Melee: Unarmed           |    22 |       |       ||    22
       Short sword       |    10 |       |       ||    10
       Dagger            |    42 |    42 |    24 ||   108
       Quarterstaff      |       |       |    84 ||    84
Throw: Dart              |       |     4 |       ||     4
 Cast: Flame Tongue      |    42 |    50 |    78 ||   170
       Conjure Flame     |       |     4 |    20 ||    24
       Sticky Flame      |       |     6 |    34 ||    40
       Fireball          |       |       |     5 ||     5
Invok: Channel Energy    |       |     9 |    49 ||    58
  Use: Potion            |     4 |     2 |     5 ||    11
       Scroll            |       |     5 |     7 ||    12
 Stab: Sleeping          |       |     2 |     3 ||     5
